Map: 黑暗杀星

Players

梦想天生

  • Race: Zerg Zerg
  • Spawn Location: 5:00

喂人民服雾

  • Race: Terran Terran
  • Spawn Location: 5:00

VOD

Have the link to the VOD?

Description

Time

  • Played on: Feb. 24, 2018, 8:12 p.m.
  • Length: 13:50
Show
View Real Time Build Order
Export as new Build Order

梦想天生 Zerg 

Build Orders:  

Get SALT Encoding   

  12  0:21  Roach Warren  
  11  0:46  Spore Crawler  
  11  0:47  Roach  
  12  0:54  Drone  
  13  1:07  Overlord  
  13  1:44  Roach  
  13  1:46  Drone x3  
  13  1:47  Drone  
  17  1:54  Extractor  
  16  2:06  Brutalisk  
  16  2:09  Drone x3  
  19  2:10  Drone  
  19  2:18  Drone x2  
  22  2:24  Extractor  
  21  2:37  Drone  
  22  2:41  Overlord  
  22  3:07  Drone  
  22  3:08  Drone  
  26  3:16  Roach  
  28  3:23  Lair  
  26  3:45  Roach  
  26  4:07  Brutalisk  
  26  4:36  Drone  
  29  4:40  Drone x2  
  27  4:43  Spire  
  28  4:53  Drone  
  28  4:54  Overlord  
  28  4:56  Drone  
  30  5:19  Mutalisk x2  
  34  5:20  Mutalisk  
  34  5:23  Overlord, Drone x2  
  38  6:10  Infestation Pit  
  37  6:38  Mutalisk  
  37  7:06  Leviathan  
  37  7:09  Spore Crawler  
  35  7:12  Spore Crawler  
  35  7:24  Mutalisk  
  31  7:41  Greater Spire  
  31  8:19  Hive  
  31  8:20  Mutalisk  
  31  8:23  Mutalisk  
  33  8:45  Drone x4  
  37  8:51  Leviathan  
  37  9:16  Mutalisk  
  37  9:44  Leviathan  
  37  10:11  Drone x3  
  40  10:50  Mutalisk x2  
  40  10:51  Mutalisk  
  46  11:05  Spore Crawler  
  45  11:12  Spore Crawler  
  45  11:14  Spore Crawler  
  45  11:15  Spore Crawler  
  42  11:26  Spore Crawler  
Show
View Real Time Build Order
Export as new Build Order

喂人民服雾 Terran 

Build Orders:  

Get SALT Encoding   

Tags
 
Commander
AbathurRaynor
Matchup
Co-op
Replay Pack
Co-op Speedrun
Add a new tag
Caveats
  • Supply blocks, unpowered buildings, or Contaminate may cause inaccurate times.
  • Supply counts are checked every 10 seconds.